 Dungeon Crawl Stone Soup version 0.23-a0-183-gf37f6fb (webtiles) character file.

1082 HerrDoktor the Cleaver (level 8, -6/69 HPs)
             Began as a Hill Orc Abyssal Knight on Sept 23, 2018.
             Was a Priest of Lugonu.
             Splashed by a jelly's acid (7 damage)
             ... on level 6 of the Dungeon.
             The game lasted 00:18:23 (6662 turns).

HerrDoktor the Cleaver (Hill Orc Abyssal Knight)    Turns: 6662, Time: 00:18:24

Health: -6/69      AC:  1    Str: 17    XL:     8   Next: 30%
Magic:  10/10      EV:  5    Int: 12    God:    Lugonu [***...]
Gold:   255        SH:  8    Dex: 10    Spells: 7/7 levels left

rFire    . . .     SeeInvis .   a - +6 hand axe
rCold    . . .     Gourm    +   s - +0 shield
rNeg     . . .     Faith    .   m - +2 chain mail
rPois    .         Spirit   .   d - +0 helmet
rElec    .         Reflect  .   (no cloak)
rCorr    .         Harm     .   (no gloves)
MR       .....                  (no boots)
Stlth    ..........             o - amulet of the gourmand
HPRegen  0.21/turn              (no ring)
MPRegen  0.12/turn              (no ring)

@: corroded
A: no striking features
a: Depart the Abyss, Bend Space, Banish, Renounce Religion


You were on level 6 of the Dungeon.
You worshipped Lugonu.
Lugonu was most pleased with you.
You were not hungry.

You visited 1 branch of the dungeon, and saw 6 of its levels.
You visited the Abyss 1 time.

You collected 255 gold pieces.

Inventory:

Hand Weapons
 a - a +6 hand axe (weapon)
 f - a +0 blowgun
Missiles
 e - 15 poisoned needles
 i - 116 stones (quivered)
Armour
 b - a +0 leather armour
 d - a +0 helmet (worn)
 j - a +0 ring mail
 m - a +2 chain mail (worn)
 s - a +0 shield (worn)
Jewellery
 g - an uncursed amulet of faith {unknown}
 o - an amulet of the gourmand (around neck)
 x - an uncursed amulet of magic regeneration {unknown}
Wands
 v - a wand of disintegration (30)
Scrolls
 n - 2 scrolls of identify
 q - 2 scrolls of remove curse
 r - a scroll of teleportation
Potions
 h - a potion of brilliance {unknown}
 k - a potion of flight
 l - 2 potions of might {unknown}
 p - a potion of lignification {unknown}
 t - 2 potions of curing
 u - a potion of experience {unknown}
 w - a potion of heal wounds {unknown}
 z - a potion of magic {unknown}
 A - a potion of degeneration {unknown}
Comestibles
 c - 6 rations


   Skills:
 + Level 5.6 Fighting
 * Level 9.7 Axes
 + Level 5.0 Armour
 - Level 0.8 Dodging
 * Level 2.5 Shields
 + Level 2.7 Invocations


You had 7 spell levels left.
You didn't know any spells.
Your spell library was empty.

Dungeon Overview and Level Annotations

Branches:
Dungeon (6/15)
 Temple: D:4-7

Altars:
Fedhas
Hepliaklqana
Makhleb
Sif Muna
Vehumet
Xom
The Shining One


Message History

You are too injured to fight recklessly!
You are too injured to fight recklessly!
You hit the jelly but do no damage.
Your hands burn!
The jelly is almost dead.
The jelly hits you.
You are splashed with acid!
The acid burns!
* * * LOW HITPOINT WARNING * * *
You hit the jelly but do no damage.
Your hands burn!
* * * LOW HITPOINT WARNING * * *
The jelly is almost dead.
The jelly hits you.
* * * LOW HITPOINT WARNING * * *
You are splashed with acid!
The acid burns!
* * * LOW HITPOINT WARNING * * *
You hit the jelly but do no damage. The acid corrodes you!
Your hands burn!
* * * LOW HITPOINT WARNING * * *
The jelly is almost dead.
The jelly hits you.
* * * LOW HITPOINT WARNING * * *
You are splashed with acid!
The acid burns!
You die...

###..................#
.....................#
###............######
#............#
#............#######
####.......)..).#......
................'......
####............#......
###@.##+######......
##J# ####### ...#
J.?... ...#...# ....
..... ##... .#.##. ....
.#.#


You could see a jelly.

Vanquished Creatures
  Eustachio (D:5)
  A phantom (D:5)
  An ice beast (D:5)
  A bullfrog (D:6)
  2 scorpions
  A howler monkey (D:5)
  A crimson imp (D:3)
  4 orc priests
  3 hounds
  A centaur skeleton (D:3)
  An iguana (D:6)
  Terence (D:2)
  2 worker ants
  2 hound skeletons
  A howler monkey skeleton (D:4)
  3 adders
  A shadow imp (D:5)
  5 worms
  An adder skeleton (D:4)
  3 dart slugs (D:2)
  6 leopard geckos
  19 orcs
  8 bats
  4 giant cockroaches
  7 goblins
  3 hobgoblins
  4 jackals
  A quokka (D:5)
  3 ball pythons
  5 frilled lizards
  A giant cockroach zombie (D:5)
  A jackal skeleton (D:5)
  9 kobolds
  6 rats
113 creatures vanquished.

Notes
Turn   | Place    | Note
-------+----------+-------------------------------------------
     0 | Abyss:1  | HerrDoktor the Hill Orc Abyssal Knight began the quest for
                  | the Orb.
     0 | Abyss:1  | Reached XP level 1. HP: 19/19 MP: 2/2
    33 | D:1      | Escaped the Abyss
   526 | D:1      | Reached XP level 2. HP: 27/27 MP: 3/3
   994 | D:1      | Reached skill level 3 in Axes
  1240 | D:2      | Reached ** piety under Lugonu
  1366 | D:2      | Reached XP level 3. HP: 19/33 MP: 4/4
  1565 | D:2      | Noticed Terence
  1585 | D:2      | Killed Terence
  1726 | D:2      | Found a glowing golden altar of the Shining One.
  1874 | D:2      | Reached XP level 4. HP: 41/41 MP: 6/6
  2028 | D:2      | Reached skill level 4 in Axes
  3040 | D:3      | Reached skill level 5 in Axes
  3040 | D:3      | Reached XP level 5. HP: 42/47 MP: 7/7
  3327 | D:3      | Reached skill level 6 in Axes
  3327 | D:3      | Reached XP level 6. HP: 11/55 MP: 8/8
  4308 | D:4      | Reached skill level 5 in Fighting
  4308 | D:4      | Reached skill level 7 in Axes
  5049 | D:5      | Entered Level 5 of the Dungeon
  5050 | D:5      | Noticed Eustachio
  5053 | D:4      | Reached *** piety under Lugonu
  5174 | D:5      | Reached XP level 7. HP: 61/61 MP: 9/9
  5277 | D:5      | Found a burning altar of Makhleb.
  5313 | D:5      | Reached skill level 1 in Shields
  5607 | D:5      | Found a blossoming altar of Fedhas.
  5608 | D:5      | Found a shimmering altar of Xom.
  5608 | D:5      | Found a radiant altar of Vehumet.
  5608 | D:5      | Found a hazy altar of Hepliaklqana.
  5647 | D:5      | Reached skill level 8 in Axes
  5965 | D:5      | Found a deep blue altar of Sif Muna.
  6178 | D:5      | Killed Eustachio
  6178 | D:5      | Reached skill level 9 in Axes
  6178 | D:5      | Reached XP level 8. HP: 69/69 MP: 10/10
  6570 | D:6      | Reached skill level 5 in Armour
  6662 | D:6      | HP: 1/69 [jelly (3)]
  6662 | D:6      | Splashed by a jelly's acid

Vault maps used:
D:1:      lemuel_arrival_lava_pool
D:2:      first_ration, nicolae_tso_swordbearing_angel, uniq_terence
D:3:      item_on_display_a
D:5:      grunt_temple_overflow_open, minmay_misc_feat_pillars, uniq_eustachio
D:6:      st_stairs_3, uniq_prince_ribbit1

Skill      XL: |  1  2  3  4  5  6  7  8 |
---------------+-------------------------+-----
Fighting       | 4 5 |  5.6
Axes           | 3 5 6 7 9 |  9.7
Armour         | 3 4 5 |  5.0
Shields        | 2 |  2.5
Dodging        | |  0.8
Invocations    | |  2.7

Action                   |  1- 3 |  4- 6 |  7- 9 || total
-------------------------+-------+-------+-------++-------
Melee: Hand axe          |   119 |   211 |   146 ||   476
Throw: Stone             |     6 |       |     1 ||     7
  Use: Scroll            |       |    14 |     1 ||    15
       Potion            |       |     3 |       ||     3
  Eat: Chunk             |     3 |    12 |     4 ||    19
Armor: Leather armour    |    13 |       |       ||    13
       Ring mail         |    24 |       |       ||    24
       Chain mail        |     7 |    90 |    55 ||   152
Dodge: Dodged            |    62 |    45 |    12 ||   119
Block: Shield            |       |     6 |    34 ||    40

Table legend:
 A = Non-vault XP
 B = Vault XP
 C = Vault XP percentage of total XP
 D = Non-vault monster count
 E = Vault monster count
 F = Vault count percentage of total count
                 A         B        C        D         E       F
            +---------+---------+-------+---------+---------+-------
      Total |    1315 |     232 |  15.0 |     111 |       2 |   1.8
            +---------+---------+-------+---------+---------+-------
        D:1 |      25 |       0 |   0.0 |      16 |       0 |   0.0
        D:2 |      79 |      36 |  31.3 |      29 |       1 |   3.3
        D:3 |     308 |       0 |   0.0 |      25 |       0 |   0.0
        D:4 |     159 |       0 |   0.0 |      11 |       0 |   0.0
        D:5 |     504 |     196 |  28.0 |      18 |       1 |   5.3
        D:6 |     240 |       0 |   0.0 |      12 |       0 |   0.0
            +---------+---------+-------+---------+---------+-------
